 Dungeon Crawl Stone Soup version 0.17.0-23-g0de4337 (console) character file.

1258 gw the Cudgeler (level 8, 93/93 HPs)
             Began as a Human Gladiator on Nov 13, 2015.
             Was an Initiate of the Shining One.
             Quit the game on level 6 of the Dungeon.
             The game lasted 00:10:17 (8393 turns).

gw the Cudgeler (Human Gladiator)                   Turns: 8393, Time: 00:10:17

Health: 93/93      AC: 14    Str: 22    XL:     8   Next: 81%
Magic:  9/9        EV:  8    Int: 10    God:    the Shining One [......]
Gold:   369        SH:  0    Dex: 15    Spells: 0 memorised, 7 levels left

rFire  . . .     SeeInvis .     b - +0 hunting sling
rCold  . . .     Clarity  .     s - +0 plate armour
rNeg   . . .     SustAt   .     (no shield)
rPois  .         Gourm    .     c - +0 helmet
rElec  .         Spirit   .     (no cloak)
rCorr  .         Warding  .     (no gloves)
rMut   .         Stasis   .     p - +0 pair of boots
MR     +....                    (no amulet)
Stlth  ..........               u - +3 ring of slaying
                                q - ring of protection from magic

@: berserking, very quick, somewhat resistant to hostile enchantments, extremely
unstealthy
A: clever 1
a: Renounce Religion


You were on level 6 of the Dungeon.
You worshipped the Shining One.
The Shining One was noncommittal.
You were not hungry.

You visited 2 branches of the dungeon, and saw 7 of its levels.

You collected 369 gold pieces.

Inventory:

Hand Weapons
 a - a +0 flail
 b - a +0 hunting sling (weapon)
Missiles
 d - 5 throwing nets
 h - 107 sling bullets (quivered)
 t - 136 stones
Armour
 c - a +0 helmet (worn)
 p - a +0 pair of boots (worn)
 s - a +0 plate armour (worn)
Jewellery
 q - a ring of protection from magic (left hand)
 u - a +3 ring of slaying (right hand)
Wands
 o - a wand of cold (9)
Scrolls
 g - 2 scrolls of immolation
 l - 4 scrolls of identify
 n - 2 scrolls of remove curse
 r - a scroll of enchant weapon {unknown}
Potions
 f - 2 potions of curing
 i - 2 potions of haste
 j - a potion of brilliance
 w - a potion of heal wounds {unknown}
 x - a potion of magic {unknown}
Comestibles
 e - 5 bread rations
 m - a slice of pizza
 v - 2 meat rations
 z - 4 fruits
 B - a royal jelly


   Skills:
 + Level 5.1 Fighting
 * Level 7.2 Maces & Flails
 + Level 2.4(2.8) Slings
 - Level 2.0(2.5) Throwing
 + Level 4.6 Armour
 - Level 3.0 Dodging
 + Level 1.6 Invocations


You had 7 spell levels left.
You didn't know any spells.

Dungeon Overview and Level Annotations

Branches:
Dungeon (6/15)             Temple (1/1) D:6

Altars:
Cheibriados
Dithmenos
Elyvilon
Fedhas
Gozag
Kikubaaqudgha
Nemelex Xobeh
Okawaru
Qazlal
Ru
Sif Muna
Trog
Vehumet
Xom
Yredelemnul
Zin
The Shining One

Shops:
D:5 *   D:6 *


Innate Abilities, Weirdness & Mutations

Your mind is acute. (Int +2)


Message History

You are too berserk!
You are too berserk!
SWAPPING TO MELEE: making an attack move ATTACK MOVE TO (-1,-1)
You are too berserk!
You are too berserk!
SWAPPING TO MELEE: making an attack move ATTACK MOVE TO (-1,-1)
You are too berserk!
You are too berserk!
SWAPPING TO MELEE: making an attack move ATTACK MOVE TO (-1,-1)
You are too berserk!
You are too berserk!
SWAPPING TO MELEE: making an attack move ATTACK MOVE TO (-1,-1)
You are too berserk!
You are too berserk!
Infinite lua loop detected, aborting.
Are you sure you want to abandon this character and quit the game? (Confirm with "yes".)

#7.7...7.7...7.7########.
#.7..7..7..7..7.#### ##.
#...7.7...7.7......# #..
#.7..7..7..7..7.##.# #..
#7.7.n.7.7...7.7##[# #..
#.7..7..7..7..7.##.####..
##..7.7...7.7............
###.7..7..7....##......#
##..7p7..#############
###.7.#.# ####
###...##########...
###............##
##############


You could see a necrophage.

Table legend:
 A = Turns spent in this place as a percentage of turns spent in the entire game.
 B = Non-inter-level travel turns spent in this place as a percentage of non-inter-level travel turns spent in the entire game.
 C = Inter-level travel turns spent in this place as a percentage of turns spent in this place.
 D = Turns resting spent in this place as a percentage of non-inter-level travel turns spent in this place.
 E = Turns spent auto-exploring this place as a percentage of non-inter-level travel turns spent in this place.
 F = Non-inter-level travel turns spent in this place divided by the number of levels of this place that you've seen.
                   A       B       C       D       E      F
               +-------+-------+-------+-------+-------+----------------------
         Total | 100.0 | 100.0 |   0.4 |   0.9 |   2.1 | 1607.4
       Dungeon |  97.8 |  97.8 |   0.4 |   0.9 |   2.0 | 1833.8
        Temple |   2.2 |   2.2 |   0.4 |   0.0 |   4.8 | 249.0
               +-------+-------+-------+-------+-------+----------------------

Table legend:
 A = Kills in this place as a percentage of kills in entire the game.
 B = Kills by you in this place as a percentage of kills by you in the entire game.
 C = Kills by friends in this place as a percentage of kills by friends in the entire game.
 D = Other kills in this place as a percentage of other kills in the entire game.
 E = Experience gained in this place as a percentage of experience gained in the entire game.
 F = Experience gained in this place divided by the number of levels of this place that you have seen.
                   A       B       C       D       E      F
               +-------+-------+-------+-------+-------+----------------------
         Total | 100.0 | 100.0 |  -nan |  -nan | 100.0 | 256.9
       Dungeon | 100.0 | 100.0 |  -nan |  -nan | 100.0 | 299.7
               +-------+-------+-------+-------+-------+----------------------

Vanquished Creatures
  The ghost of craynaar the Slasher, an amateur MiFi (D:4)
  A water moccasin (D:6)
  An ogre (D:5)
  A black bear (D:6)
  A centaur (D:5)
  A giant frog (D:6)
  A scorpion (D:4)
  2 crimson imps
  2 hounds
  An orc wizard (D:3)
  3 worker ants
  A hound zombie (D:5)
  A worker ant zombie (D:5)
  9 adders
  12 gnolls
  A shadow imp (D:6)
  An ooze (D:5)
  3 worms
  13 orcs
  6 bats
  5 giant cockroaches
  13 goblins
  2 hobgoblins
  6 jackals
  6 kobolds
  2 quokkas (D:5)
  3 ball pythons
  6 giant geckos
  6 giant newts
  8 rats
119 creatures vanquished.

Notes
Turn   | Place    | Note
--------------------------------------------------------------
     0 | D:1      | gw the Human Gladiator began the quest for the Orb.
     0 | D:1      | Reached XP level 1. HP: 16/16 MP: 1/1
   236 | D:1      | Reached XP level 2. HP: 19/22 MP: 2/2
   358 | D:1      | Reached skill level 1 in Armour
   619 | D:1      | Reached XP level 3. HP: 24/28 MP: 3/3
  1548 | D:2      | Reached XP level 4. HP: 34/34 MP: 4/4
  1926 | D:2      | Reached skill level 4 in Maces & Flails
  2868 | D:3      | Reached XP level 5. HP: 40/40 MP: 5/5
  3620 | D:3      | Found a radiant altar of Vehumet.
  3628 | D:3      | Found a deep blue altar of Sif Muna.
  3875 | D:4      | Reached XP level 6. HP: 29/47 MP: 6/6
  4173 | D:4      | Reached skill level 5 in Maces & Flails
  4454 | D:4      | Noticed craynaar's ghost (amateur MiFi)
  4495 | D:4      | Killed craynaar's ghost
  4495 | D:4      | Reached XP level 7. HP: 14/54 MP: 7/7
  4780 | D:4      | Found a white marble altar of Elyvilon.
  4788 | D:4      | Reached skill level 6 in Maces & Flails
  5397 | D:4      | Gained mutation: Your mind is acute. (Int +2) [potion of beneficial mutation]
  5419 | D:5      | Entered Level 5 of the Dungeon
  5461 | D:5      | Found Haoberig's General Store.
  6046 | D:5      | Found an opulent altar of Gozag.
  6082 | D:5      | Reached skill level 1 in Slings
  6082 | D:5      | Reached XP level 8. HP: 25/61 MP: 8/8
  6881 | D:6      | Found a staircase to the Ecumenical Temple.
  6895 | Temple   | Entered the Ecumenical Temple
  6910 | Temple   | Became a worshipper of the Shining One
  7236 | D:6      | Found a bloodstained altar of Trog.
  7560 | D:6      | Reached skill level 7 in Maces & Flails
  7560 | D:6      | Reached skill level 1 in Invocations
  7852 | D:6      | Reached skill level 5 in Fighting
  8081 | D:6      | Found Sonirov's Assorted Antiques.
  8393 | D:6      | Quit the game

Action                   |  1- 3 |  4- 6 |  7- 9 || total
-------------------------+-------+-------+-------++-------
Melee: Flail             |    75 |   221 |   107 ||   403
 Fire: Hunting sling     |       |       |    67 ||    67
Throw: Stone             |    15 |    86 |    20 ||   121
Evoke: Wand              |       |       |     1 ||     1
  Use: Potion            |     3 |     3 |     4 ||    10
       Scroll            |     2 |     4 |     5 ||    11
 Stab: Sleeping          |     1 |       |       ||     1
  Eat: Chunk             |     2 |    10 |    12 ||    24

Vault maps used:
D:1:      lemuel_arrival_rhombus
D:3:      grunt_temple_overflow_open, first_bread
D:4:      old_standard_altar
D:5:      kennysheep_mini, serial_shops, shop, grunt_decor_arrowhead
D:6:      lightli_temple_of_fire, minmay_temple_entry_glass, serial_shops,
          nicolae_shop_waterfront, kennysheep_doodads
Temple:   oiseaux_autumnal_temple_12
